 Dungeon Crawl Stone Soup version 0.32-a0-918-g0f22ef8d61 (webtiles) character file.

Game seed: 15308809758443880629

143 zazu2006 the Conjurer (level 5, -2/41 HPs)
             Began as a Gnoll Wanderer on Apr 10, 2024.
             Slain by a gnoll bouda
             ... wielding a +1 whip of freezing
              (4 damage)
             ... on level 4 of the Dungeon.
             The game lasted 00:06:50 (1232 turns).

zazu2006 the Conjurer (Gnoll Wanderer)              Turns: 1232, Time: 00:06:51

Health: -2/41      AC:  5    Str: 10    XL:     5   Next: 25%
Magic:  0/9        EV: 11    Int: 14    God:
Gold:   90         SH:  0    Dex: 12    Spells: 9/10 levels left

rFire   + . .        a - +0 hand axe
rCold   . . .        (no shield)
rNeg    . . .        g - +2 robe {rF+}
rPois   .            (no helmet)
rElec   .            b - +0 cloak
rCorr   .            (no gloves)
SInv    .            (no boots)
Will    .....        (no amulet)
Stlth   +++          (no ring)
HPRegen 0.26/turn    (no ring)
MPRegen 0.11/turn

%: no passive effects
@: weakened
A: fangs 1, strong nose, distributed training
a: no special abilities


You were on level 4 of the Dungeon.
You visited 1 branch of the dungeon, and saw 5 of its levels.

You collected 90 gold pieces.

Inventory:

Hand Weapons
 a - a +0 hand axe (weapon)
Armour
 b - a +0 cloak (worn)
 d - a +0 robe
 g - a +2 robe of fire resistance (worn)
Scrolls
 c - a scroll of vulnerability
 e - a scroll of fear
 f - a scroll of poison {unknown}
 i - 2 scrolls of enchant armour {unknown}
 j - 2 scrolls of identify {unknown}
 k - a scroll of teleportation {unknown}
Potions
 h - a potion of ambrosia {unknown}
 l - a potion of degeneration {unknown}


   Skills:
 + Level 3.0 Fighting
 + Level 1.4 Short Blades
 + Level 1.4 Long Blades
 + Level 4.8 Axes
 + Level 1.4 Maces & Flails
 + Level 1.4 Polearms
 + Level 1.4 Staves
 + Level 1.4 Ranged Weapons
 + Level 1.4 Throwing
 + Level 1.4 Armour
 + Level 3.0 Dodging
 + Level 4.4 Stealth
 + Level 1.4 Shields
 + Level 1.4 Unarmed Combat
 + Level 3.1 Spellcasting
 + Level 5.5 Conjurations
 + Level 1.1 Hexes
 + Level 1.1 Summonings
 + Level 1.1 Necromancy
 + Level 1.1 Translocations
 + Level 1.1 Fire Magic
 + Level 1.1 Ice Magic
 + Level 1.1 Air Magic
 + Level 1.1 Earth Magic
 + Level 1.1 Alchemy
 + Level 1.6 Invocations
 + Level 1.4 Evocations
 + Level 1.3 Shapeshifting


You had 9 spell levels left.
You knew the following spells:

 Your Spells              Type           Power      Damage    Failure   Level
a - Foxfire               Conj/Fire      44%        2x1d6     5%          1

Your spell library contained the following spells:

 Spells                   Type           Power      Damage    Failure   Level
 Magic Dart               Conj           68%        1d6       2%          1
 Shock                    Conj/Air       44%        1d5       5%          1
 Blink                    Tloc           10%        N/A       21%         2
 Call Imp                 Summ           10%        N/A       21%         2
 Ensorcelled Hibernation  Hex/Ice        10%        N/A       21%         2
 Passwall                 Erth           5%         N/A       36%         3
 Swiftness                Air            5%         N/A       36%         3
 Brom's Barrelling Bould  Conj/Erth      11%        2d3       45%         4
 Airstrike                Air            2%         2d(1-17)  78%         4


Dungeon Overview and Level Annotations

Branches:
Dungeon (5/15)
 Temple: D:4-7

Altars:


Innate Abilities, Weirdness & Mutations

You have very sharp teeth.
Your uncanny sense of smell can sniff out nearby items.
Your experience applies equally to all skills.


Message History

There is a stone staircase leading down here.
Casting: Foxfire (safe; 5% risk of failure)
Confirm with . or Enter, or press ? or * to list all spells.
You conjure some foxfire!
The gnoll bouda hits you with a +1 whip of freezing!
The gnoll bouda freezes you.
You hit the gnoll bouda but do no damage.
The gnoll bouda is heavily wounded.
The foxfire hits the gnoll bouda.
The gnoll bouda is severely wounded.
The foxfire hits the gnoll bouda.
The gnoll bouda is almost dead.
The gnoll bouda utters an invocation to its god.
The gnoll bouda is healed somewhat.
Casting: Foxfire (safe; 5% risk of failure)
Confirm with . or Enter, or press ? or * to list all spells.
You conjure some foxfire!
The gnoll bouda hits you with a +1 whip of freezing!
The gnoll bouda freezes you.
You hit the gnoll bouda.
The gnoll bouda is almost dead.
The foxfire hits the gnoll bouda.
The gnoll bouda is almost dead.
The gnoll bouda gazes fiercely through you!
You feel your attacks grow feeble.
The gnoll bouda hits you with a +1 whip of freezing!
* * * LOW HITPOINT WARNING * * *
The gnoll bouda freezes you.
* * * LOW HITPOINT WARNING * * *
You aren't carrying any items that you can evoke.
Okay, then.
You barely miss the gnoll bouda.
The gnoll bouda is almost dead.
The gnoll bouda mumbles some strange prayers to its god.
The gnoll bouda is healed somewhat.
Casting: Foxfire (safe; 5% risk of failure)
Confirm with . or Enter, or press ? or * to list all spells.
You conjure some foxfire!
The gnoll bouda hits you with a +1 whip of freezing.
You die...

∆ # .# ###.
#.. #v#
###@###
#.vvg.#
#.....#
#.....#
#...<.###
#.......####
##..###....##
#....##....##
##########
##....##.)..##


You could see a gnoll bouda (ally target).

Vanquished Creatures
  A phantom (D:5)
  2 gnolls (D:5)
  2 adders
  A dart slug (D:1)
  3 orcs
  A ball python (D:2)
  5 bats
  4 endoplasms
  2 goblins (D:1)
  5 hobgoblins
  A quokka (D:1)
  A frilled lizard (D:1)
  2 kobolds
  A rat (D:1)
31 creatures vanquished.

Vanquished Creatures (others)
  112 foxfires
112 creatures vanquished.

Grand Total: 143 creatures vanquished

Notes
Turn   | Place    | Note
-------+----------+-------------------------------------------
     0 | D:1      | zazu2006 the Gnoll Wanderer began the quest for the Orb.
     0 | D:1      | zazu2006 set off with the following items: a +0 hand axe, a
                  | +0 cloak, a scroll of vulnerability, a +0 robe; and the
                  | following spells available to memorise: Magic Dart,
                  | Foxfire, Brom's Barrelling Boulder.
     0 | D:1      | Reached XP level 1. HP: 17/17 MP: 4/4
     2 | D:1      | Learned a level 1 spell: Foxfire
    35 | D:1      | Found a faded altar of an unknown god.
   198 | D:1      | Reached XP level 2. HP: 23/23 MP: 1/5
   446 | D:2      | Reached XP level 3. HP: 27/28 MP: 2/7
   499 | D:2      | Reached skill level 1 in Invocations
   879 | D:4      | Reached skill level 1 in Short Blades
   879 | D:4      | Reached skill level 1 in Long Blades
   879 | D:4      | Reached skill level 1 in Maces & Flails
   879 | D:4      | Reached skill level 1 in Polearms
   879 | D:4      | Reached skill level 1 in Staves
   879 | D:4      | Reached skill level 1 in Ranged Weapons
   879 | D:4      | Reached skill level 1 in Throwing
   879 | D:4      | Reached skill level 1 in Armour
   879 | D:4      | Reached skill level 1 in Shields
   879 | D:4      | Reached skill level 1 in Unarmed Combat
   879 | D:4      | Reached skill level 1 in Evocations
   905 | D:4      | Noticed a scorpion
  1022 | D:5      | Entered Level 5 of the Dungeon
  1104 | D:5      | Noticed a phantom
  1111 | D:5      | Killed a phantom
  1112 | D:5      | Reached skill level 1 in Hexes
  1112 | D:5      | Reached skill level 1 in Summonings
  1112 | D:5      | Reached skill level 1 in Necromancy
  1112 | D:5      | Reached skill level 1 in Translocations
  1112 | D:5      | Reached skill level 1 in Fire Magic
  1112 | D:5      | Reached skill level 1 in Ice Magic
  1112 | D:5      | Reached skill level 1 in Air Magic
  1112 | D:5      | Reached skill level 1 in Earth Magic
  1112 | D:5      | Reached skill level 1 in Alchemy
  1112 | D:5      | Reached skill level 1 in Shapeshifting
  1112 | D:5      | Reached XP level 4. HP: 34/34 MP: 0/8
  1112 | D:5      | Reached XP level 5. HP: 40/40 MP: 0/9
  1230 | D:4      | HP: 2/41 [gnoll bouda/+1 whip of freezing (3)]
  1232 | D:4      | Slain by a gnoll bouda

Illustrated notes

Levels and vault maps discovered:
D:1:      dpeg_arrival_tiny_f, layout_rooms, basic_ecumenical_altar
D:2:      layout_basic
D:3:      layout_basic, mainiacjoe_overflow_swirl
D:4:      layout_loops_ring, minmay_temple_entry_mini_moons,
          nrook_mini_backslash, minmay_fountain_box, uniq_robin,
          uniq_blork_the_orc
D:5:      layout_basic, yredelemnul_forgotten_temple_becter,
          nicolae_elevator_lobby_plus

Skill      XL: |  1  2  3  4  5 |
---------------+----------------+-----
Invocations    | 1 |  1.6
Short Blades   | 1 |  1.4
Long Blades    | 1 |  1.4
Maces & Flails | 1 |  1.4
Polearms       | 1 |  1.4
Staves         | 1 |  1.4
Ranged Weapons | 1 |  1.4
Throwing       | 1 |  1.4
Armour         | 1 |  1.4
Shields        | 1 |  1.4
Unarmed Combat | 1 |  1.4
Evocations     | 1 |  1.4
Spellcasting   | 3 |  3.1
Hexes          | 1 |  1.1
Summonings     | 1 |  1.1
Necromancy     | 1 |  1.1
Translocations | 1 |  1.1
Fire Magic     | 1 |  1.1
Ice Magic      | 1 |  1.1
Air Magic      | 1 |  1.1
Earth Magic    | 1 |  1.1
Alchemy        | 1 |  1.1
Shapeshifting  | 1 |  1.3
Fighting       | 3 |  3.0
Dodging        | 3 |  3.0
Axes           | |  4.8
Stealth        | |  4.4
Conjurations   | |  5.5

Action                     |  1- 3 |  4- 6 || total
---------------------------+-------+-------++-------
  Melee: Hand axe          |    16 |     3 ||    19
         Bite              |     1 |       ||     1
   Cast: Foxfire           |    49 |    13 ||    62
    Use: Scroll            |     1 |       ||     1
         Potion            |     1 |       ||     1
   Stab: Sleeping          |     1 |       ||     1
 Armour: Robe              |    14 |     4 ||    18
  Dodge: Dodged            |    17 |     1 ||    18

Table legend: (Time is in decaauts)
 A = Elapsed time spent in this place.
 B = Non-inter-level travel time spent in this place.
 C = Inter-level travel time spent in this place.
 D = Time resting spent in this place.
 E = Time spent auto-exploring this place.
 F = Levels seen in this place.
 G = Mean time per level.
                   A        B        C        D        E       F      G
               +--------+--------+--------+--------+--------+-----+--------+
         Total |   1233 |   1125 |    108 |      0 |    488 |   5 |  246.6 |
       Dungeon |   1233 |   1125 |    108 |      0 |    488 |   5 |  246.6 |
               +--------+--------+--------+--------+--------+-----+--------+

Top non-repeatable levels by time:
     D:1: 411 daAuts
     D:4: 290 daAuts
     D:2: 261 daAuts
     D:5: 203 daAuts
     D:3: 65 daAuts
